 Dungeon Sprint DCSS version 0.16-a0-2955-gfa193e0 (webtiles) character file.

2410 RobertPalmer the Transmogrifier (level 9, -6/99 (103) HPs)
             Began as a Green Draconian Transmuter on Dec 4, 2014.
             Was the Champion of Cheibriados.
             Shot with an arrow of frost by a naga sharpshooter (8 damage)
             ... in the Dungeon (Sprint VII: "The Pits").
             The game lasted 00:06:39 (1674 turns).

RobertPalmer the Transmogrifier (DrTm)              Turns: 1674, Time: 00:06:39

HP:   -6/99 (103)   AC: 10    Str: 28    XL:     9   Next: 23%
MP:   18/23         EV: 20    Int: 29    God:    Cheibriados [******]
Gold: 0             SH:  0    Dex: 32    Spells: 4 memorised, 10 levels left

rFire  x . .     SeeInvis .       - Unarmed
rCold  + + +     Clarity  .     (armour unavailable)
rNeg   . . .     SustAb   .     (shield currently unavailable)
rPois  +         Gourm    .     (helmet currently unavailable)
rElec  .         Spirit   .     (cloak currently unavailable)
rCorr  .         Warding  .     (gloves currently unavailable)
rMut   .         NoTele   +     (boots currently unavailable)
MR     .....                    (no amulet)
Stlth  ++........               v - +3 ring of protection
                                w - +3 ring of dexterity

@: lethally poisoned, ice-form, very slightly contaminated, very slow, not
resistant to hostile enchantments, unstealthy
A: (breathe noxious fumes), unfitting armour, (poison resistance),
(cold-blooded), AC +7
a: End Transformation, Bend Time, Temporal Distortion, Slouch, Step From Time,
Renounce Religion


You were in the Dungeon.
You worshipped Cheibriados.
Cheibriados was exalted by your worship.
You were not hungry.
You were a creature of crystalline ice.
You visited 1 branch


Innate Abilities, Weirdness & Mutations

((You can breathe blasts of noxious fumes.))
((Your lurid green scales are hard (AC +7).))
Your body does not fit into most forms of armour.
((Your system is resistant to poisons.))
((Your cold-blooded metabolism reacts poorly to cold.))


   Skills:
 + Level 10.8 Fighting
 - Level 8.8 Dodging
 - Level 10.0 Unarmed Combat
 - Level 6.3 Spellcasting
 - Level 11.7 Transmutations


You had 10 spell levels left.
You knew the following spells:

 Your Spells              Type           Power        Failure   Level  Hunger
c - Ice Form              Ice/Trmt       #####...     8%          4    ###....
x - Spider Form           Trmt/Pois      #####.....   1%          3    None
z - Beastly Appendage     Trmt           ######       1%          1    None
Z - Sticks to Snakes      Trmt           ######....   1%          2    None

Inventory:

Missiles
 b - 11 arrows
Armour
 s - a +0 cloak
Jewellery
 v - a +3 ring of protection (right front paw)
 w - a +3 ring of dexterity (left front paw)
Scrolls
 m - 2 scrolls of vulnerability {!r}
 n - 3 scrolls of remove curse
 o - 5 scrolls of amnesia
 p - a scroll of summoning
Potions
 e - a potion of curing
 g - a potion of degeneration {unknown}
 h - 4 potions of magic
 l - a potion of invisibility
 r - a potion of cure mutation
 t - 3 potions of might
 u - a potion of brilliance
Books
 d - a book of Changes
Comestibles
 a - 8 bread rations
 c - 40 fruits
 k - 7 meat rations

Dungeon Overview and Level Annotations

Branches:
Dungeon (1/1)

Altars:
Ashenzari
Cheibriados
Dithmenos
Elyvilon
Fedhas
Gozag
Kikubaaqudgha
Makhleb
Nemelex Xobeh
Okawaru
Qazlal
Ru
Sif Muna
Trog
Vehumet
Xom
Yredelemnul
Zin
The Shining One
Beogh
Jiyva
Lugonu

. .. .N ##########++########## ..
#................##..# ..
#......#..#......##..# N.
#................N'..# .N
'..........(....Y)'N†##########N.
#......#..#.....(##N.....N...#.N.
#................##...........)..
####'#####++#####################
#.......# #.......# #.......#
#...<...# #.......#


You could see a naga sharpshooter and 2 nagas.


Message History

You feel better. The naga mage hits you with a glaive!
* * * LOW HITPOINT WARNING * * *
x2 The naga mage constricts you.
Unknown command.
Unknown command.
Unknown command.
You pummel the naga mage like a punching bag!!!
You freeze the naga mage!!
You kill the naga mage!
Cheibriados thoroughly appreciates the change of pace.
Your Fighting skill increases to level 10!
The naga sharpshooter shoots an arrow of frost.
The arrow of frost hits you!
* * * LOW HITPOINT WARNING * * *
The arrow of frost freezes you.
* * * LOW HITPOINT WARNING * * *
The naga spits poison at you. The splash of poison hits you! You resist.
* * * LOW HITPOINT WARNING * * *
The naga sharpshooter shoots an arrow of frost.
The arrow of frost misses you. The naga spits poison at you.
The splash of poison misses you. The naga spits poison at you.
The splash of poison hits you!
You are lethally poisoned!
You resist.
The naga sharpshooter shoots an arrow of frost.
The arrow of frost hits you!
You die...

Action                   |  1- 3 |  4- 6 |  7- 9 || total
-------------------------+-------+-------+-------++-------
Melee: Unarmed           |    38 |    47 |    39 ||   124
 Cast: Beastly Appendage |     2 |       |       ||     2
       Sticks to Snakes  |     1 |       |       ||     1
       Spider Form       |       |     7 |       ||     7
       Ice Form          |       |       |     3 ||     3
 Abil: Breathe Noxious F |       |       |     1 ||     1
       End Transformatio |       |       |     1 ||     1
  Use: Potion            |     1 |     6 |     6 ||    13
       Scroll            |       |       |     1 ||     1
 Stab: Sleeping          |     1 |       |       ||     1
       Invisible         |       |     1 |       ||     1
       Distracted        |       |       |     1 ||     1
  Eat: Chunk             |       |     1 |     2 ||     3

Vault maps used:
D:        pitsprint

Notes
Turn   | Place    | Note
--------------------------------------------------------------
     0 | D        | RobertPalmer, the Draconian Transmuter, began the quest for the Orb.
     0 | D        | Reached XP level 1. HP: 16/16 MP: 3/3
    20 | D        | Reached skill level 5 in Unarmed Combat
    20 | D        | Reached XP level 2. HP: 2/23 MP: 4/4
   230 | D        | Found a sacrificial altar of Ru.
   230 | D        | Found a basalt altar of Yredelemnul.
   230 | D        | Found a shadowy altar of Dithmenos.
   230 | D        | Found a deep blue altar of Sif Muna.
   230 | D        | Found a burning altar of Makhleb.
   230 | D        | Found a shimmering altar of Xom.
   230 | D        | Found an ancient bone altar of Kikubaaqudgha.
   230 | D        | Found a sparkling altar of Nemelex Xobeh.
   231 | D        | Found a glowing golden altar of the Shining One.
   231 | D        | Found a bloodstained altar of Trog.
   231 | D        | Found a shattered altar of Ashenzari.
   231 | D        | Found a white marble altar of Elyvilon.
   231 | D        | Found a snail-covered altar of Cheibriados.
   231 | D        | Found a blossoming altar of Fedhas.
   231 | D        | Found a radiant altar of Vehumet.
   231 | D        | Found a glowing silver altar of Zin.
   231 | D        | Found a corrupted altar of Lugonu.
   231 | D        | Found a viscous altar of Jiyva.
   231 | D        | Found a roughly hewn altar of Beogh.
   231 | D        | Found an iron altar of Okawaru.
   251 | D        | Found a stormy altar of Qazlal.
   251 | D        | Found an opulent altar of Gozag.
   274 | D        | Became a worshipper of Cheibriados the Contemplative
   294 | D        | Learned a level 2 spell: Sticks to Snakes
   307 | D        | Reached skill level 6 in Unarmed Combat
   334 | D        | Noticed a worker ant
   343 | D        | Killed a worker ant
   343 | D        | Reached skill level 7 in Unarmed Combat
   343 | D        | Reached XP level 3. HP: 12/28 MP: 4/6
   669 | D        | Noticed a worker ant
   670 | D        | Noticed a worker ant
   700 | D        | Learned a level 3 spell: Spider Form
   714 | D        | Killed a worker ant
   714 | D        | Reached skill level 4 in Transmutations
   714 | D        | Reached XP level 4. HP: 23/35 MP: 7/7
   825 | D        | Killed a worker ant
   825 | D        | Reached skill level 5 in Transmutations
  1043 | D        | Noticed Dowan
  1045 | D        | Noticed a water moccasin
  1046 | D        | Noticed an iron imp
  1047 | D        | Noticed an iron imp
  1047 | D        | Noticed Duvessa
  1049 | D        | Acquired Cheibriados' first power
  1057 | D        | Killed a water moccasin
  1057 | D        | Reached skill level 9 in Transmutations
  1057 | D        | Reached XP level 5. HP: 27/40 MP: 2/9
  1065 | D        | Killed Duvessa
  1065 | D        | Reached skill level 10 in Transmutations
  1065 | D        | Reached XP level 6. HP: 31/47 MP: 1/10
  1070 | D        | Killed an iron imp
  1070 | D        | Acquired Cheibriados' second power
  1074 | D        | Killed Dowan
  1074 | D        | Reached skill level 11 in Transmutations
  1078 | D        | Killed an iron imp
  1174 | D        | Noticed an orc priest
  1182 | D        | Killed an orc priest
  1182 | D        | Acquired Cheibriados' third power
  1182 | D        | Reached skill level 8 in Unarmed Combat
  1223 | D        | Noticed a yak
  1232 | D        | HP: 3/47 [yak (2)]
  1240 | D        | Killed a yak
  1240 | D        | Reached skill level 10 in Unarmed Combat
  1240 | D        | Your scales start taking on a lurid green colour.
  1240 | D        | Gained mutation: Your system is resistant to poisons. [draconian maturity]
  1240 | D        | Reached XP level 7. HP: 22/52 MP: 9/12
  1427 | D        | Learned a level 4 spell: Ice Form
  1439 | D        | Noticed a sky beast
  1439 | D        | Noticed a necrophage
  1445 | D        | Killed a necrophage
  1445 | D        | Reached skill level 4 in Dodging
  1449 | D        | Killed a sky beast
  1449 | D        | Reached skill level 5 in Dodging
  1477 | D        | Noticed a necrophage
  1477 | D        | Noticed a bog body
  1481 | D        | Reached skill level 6 in Dodging
  1488 | D        | Killed a bog body
  1488 | D        | Reached skill level 7 in Dodging
  1490 | D        | Killed a necrophage
  1490 | D        | Reached skill level 8 in Dodging
  1491 | D        | Reached XP level 8. HP: 56/56 MP: 8/13
  1621 | D        | Noticed a troll
  1623 | D        | Noticed a tarantella
  1629 | D        | Killed a troll
  1629 | D        | Reached skill level 4 in Spellcasting
  1635 | D        | Killed a tarantella
  1635 | D        | Reached skill level 6 in Spellcasting
  1645 | D        | Noticed a naga
  1646 | D        | Noticed a death yak
  1646 | D        | Noticed a molten gargoyle
  1646 | D        | Noticed a naga mage
  1646 | D        | Noticed a naga sharpshooter
  1646 | D        | Noticed a naga
  1646 | D        | Noticed a naga
  1652 | D        | Killed a death yak
  1652 | D        | Reached skill level 8 in Fighting
  1652 | D        | Reached XP level 9. HP: 49/79 MP: 14/23
  1653 | D        | Killed a naga
  1653 | D        | Reached skill level 9 in Fighting
  1667 | D        | HP: 5/96 [naga sharpshooter/arrow of frost (8)]
  1673 | D        | Killed a naga mage
  1673 | D        | Reached skill level 10 in Fighting
  1673 | D        | HP: 4/99 [naga sharpshooter/arrow of frost (12)]
  1674 | D        | Shot with an arrow of frost by a naga sharpshooter

Vanquished Creatures
  A death yak (D)
  A naga mage (D)
  A troll (D)
  A bog body (D)
  A yak (D)
  A tarantella (D)
  A naga (D)
  A water moccasin (D)
  A sky beast (D)
  2 necrophages (D)
  Duvessa (D)
  Dowan (D)
  2 iron imps (D)
  An orc priest (D)
  3 worker ants (D)
  6 sheep (D)
  2 river rats (D)
  An adder (D)
  A giant mite (D)
  A giant eyeball (D)
  2 orcs (D)
  A ball python (D)
  A giant gecko skeleton (D)
  A quokka (D)
  A rat (D)
36 creatures vanquished.

Vanquished Creatures (collateral kills)
  A giant cockroach (D)
1 creature vanquished.

Grand Total: 37 creatures vanquished
